 Dungeon Crawl Stone Soup version 0.21.0-3-g78d12a8 (webtiles) character file.

27491 RevJD the Protected (level 13, -2/118 HPs)
             Began as a Minotaur Berserker on Jan 16, 2018.
             Was a High Priest of Trog.
             Slain by a manticore (3 damage)
             ... on level 4 of the Lair of Beasts.
             The game lasted 00:50:45 (16107 turns).

RevJD the Protected (Minotaur Berserker)           Turns: 16107, Time: 00:50:46

Health: -2/118     AC: 16    Str: 26    XL:     13   Next: 4%
Magic:  0/12       EV:  2    Int:  4    God:    Trog [*****.]
Gold:   832        SH:  0    Dex: 11    Spells: 12/12 levels left

rFire    . . .     SeeInvis .   S - +3 morningstar (protect)
rCold    . . .     Gourm    .   D - +1 large shield
rNeg     + + +     Faith    .   W - +0 chain mail
rPois    ∞         Spirit   +   (helmet restricted)
rElec    .         Reflect  .   (no cloak)
rCorr    .         Harm     .   f - +1 pair of gloves
MR       ++...                  (no boots)
Stlth    ..........             I - amulet of guardian spirit
HPRegen  0.29/turn              t - ring of protection from magic
MPRegen  0.13/turn              K - ring of the Rabble {+Inv +Fly rPois Int+2 Stlth-}

@: petrified
A: retaliatory headbutt, horns 2, dopey 1, magic resistance 1
a: Berserk, Trog's Hand, Brothers in Arms, Burn Spellbooks, Renounce Religion,
Evoke Invisibility, Evoke Flight


You were on level 4 of the Lair of Beasts.
You worshipped Trog.
Trog was extremely pleased with you.
You were not hungry.

You visited 2 branches of the dungeon, and saw 14 of its levels.

You collected 832 gold pieces.

Inventory:

Hand Weapons
 o - a +0 mace of protection
 w - a +0 flail
 Q - a +0 dire flail
 S - a +3 morningstar of protection (weapon)
 T - a +0 battleaxe of chopping
Armour
 f - a +1 pair of gloves (worn)
 D - a +1 large shield (worn)
 W - a +0 chain mail (worn)
Magical Staves
 N - an uncursed staff of wizardry
Jewellery
 l - an uncursed amulet of harm
 t - a ring of protection from magic (left hand)
 F - an uncursed ring of positive energy
 G - an uncursed ring of protection from magic
 I - an amulet of guardian spirit (around neck)
 K - the ring of the Rabble (right hand) {+Inv +Fly rPois Int+2 Stlth-}
   (You found it on level 9 of the Dungeon)

   [ring of flight]

   It affects your intelligence (+2).
   It protects you from poison.
   It lets you turn invisible.
   It lets you fly.
   It makes you less stealthy.
 U - an uncursed ring of poison resistance
Wands
 e - a wand of disintegration (11)
 C - a wand of polymorph (19)
 E - a wand of paralysis (19)
 J - a wand of flame (32)
 R - a wand of iceblast (18)
Scrolls
 b - 2 scrolls of silence {unknown}
 g - 2 scrolls of noise
 i - 6 scrolls of teleportation
 j - 6 scrolls of magic mapping
 m - 8 scrolls of identify
 p - 5 scrolls of enchant armour
 q - a scroll of blinking
 r - a scroll of enchant weapon {unknown}
 s - 2 scrolls of fear
 u - 3 scrolls of remove curse
 y - a scroll of vulnerability {unknown}
 M - 2 scrolls of amnesia {unknown}
Potions
 a - a potion of berserk rage {unknown}
 d - a potion of brilliance
 h - 2 potions of resistance
 k - a potion of mutation
 n - 6 potions of degeneration
 v - a potion of flight
 x - 2 potions of lignification {unknown}
 z - a potion of agility
 A - a potion of magic
 B - 7 potions of curing
 H - 3 potions of haste {unknown}
Books
 O - a book of Power

   Spells                             Type                      Level
   a - Iskenderun's Battlesphere      Conjuration/Charms           5
   b - Venom Bolt                     Conjuration/Poison           5
   c - Bolt of Magma                  Conjuration/Fire/Earth       5
   d - Iron Shot                      Conjuration/Earth            6
   e - Orb of Destruction             Conjuration                  7
   f - Spellforged Servitor           Conjuration/Summoning        7
   Trog disapproves of the use of such an item.
 P - a book of Battle

   Spells                             Type                      Level
   a - Infusion                       Charms                       1
   b - Shroud of Golubria             Charms/Translocation         2
   c - Song of Slaying                Charms                       2
   d - Spectral Weapon                Hexes/Charms                 3
   e - Regeneration                   Charms/Necromancy            3
   Trog disapproves of the use of such an item.
Miscellaneous
 L - a fan of gales
Comestibles
 c - 14 rations


   Skills:
 - Level 12.3 Fighting
 - Level 14.0 Maces & Flails
 * Level 14.7 Armour
 - Level 2.3 Dodging
 - Level 11.6 Shields


You had 12 spell levels left.
You didn't know any spells.

Dungeon Overview and Level Annotations

Branches:
Dungeon (10/15)            Temple (0/1) D:6            Lair (4/6) D:10
 Shoals (0/4) Lair:2        Snake (0/4) Lair:3
    Orc: D:9-12

Altars:
Dithmenos
Elyvilon
Fedhas
Hepliaklqana
Makhleb
Okawaru
Qazlal
Sif Muna
Trog
Vehumet
Xom
Zin

Shops:
D:6 *%=

Annotations:
Lair:1 exclusion: 2 oklob plants


Innate Abilities, Weirdness & Mutations

You reflexively headbutt those who attack you in melee.
You have a pair of horns on your head.
You are dopey. (Int -2)
You are resistant to hostile enchantments. (MR+)


Message History

You resist with almost no effort.
Your limbs are stiffening.
The basilisk gazes at you. You resist with almost no effort.
You have turned to stone.
The basilisk is engulfed in calcifying dust.
The basilisk is moving more slowly.
The catoblepas completely misses you. The manticore bites you!
* * * LOW HITPOINT WARNING * * *
The manticore claws you but does no damage. x2
The catoblepas gores you!!
* * * LOW HITPOINT WARNING * * *
The basilisk is engulfed in calcifying dust.
The basilisk stops moving altogether!
The manticore bites you but does no damage.
The manticore claws you.
* * * LOW HITPOINT WARNING * * *
The manticore claws you but does no damage.
The catoblepas gores you!!
* * * LOW HITPOINT WARNING * * *
The manticore bites you!
You die...

.P .. ........#.... P..
#...... .......#.... ...#
#...#.## #.......... ...#
#...#..## #..........
...#
#.......####...#.#....
...#
#.#P....#.#.....##P...
...#
####..............#......
P..#
.........................
P.## .#.@...##P..........
.... #lYH.####...P......
#.##
#####.§.#####...#......
#.###
#...##.##...#...###....
..... #.$≈≈#'#≈≈).#...##
#... .....
#.≈..≈.≈§§≈.#....##P...
.<..
##≈.......≈##...#......
....
##≈.≈≈≈.≈##...........
.....
#..≈<≈..#............


You could see a catoblepas, a manticore and a basilisk (petrified).

Vanquished Creatures
  Rupert (Lair:3)
  A hydra (Lair:3)
  A catoblepas (Lair:4)
  3 two-headed ogres (D:9)
  2 unseen horrors
  An orc knight (D:10)
  5 elephants (Lair:3)
  2 manticores
  3 black mambas
  2 spiny frogs
  3 komodo dragons
  A rime drake (Lair:1)
  A polar bear (D:8)
  5 blink frogs
  A troll (D:9)
  2 hornets (D:10)
  A slime creature (D:9)
  8 hippogriffs
  28 yaks
  The ghost of aciddrop the Ducker, an amateur GnWn of Qazlal (D:4)
  A vampire mosquito (D:9)
  3 water moccasins
  Duvessa (D:5)
  5 porcupines
  A phantom (D:7)
  A swamp drake (Lair:1)
  3 ice beasts
  4 sky beasts
  2 eyes of draining (D:9)
  6 ogres
  4 centaurs
  A wolf (D:8)
  12 crocodiles
  2 big kobolds
  Blork the orc (D:4)
  18 bullfrogs
  A gnoll sergeant (D:5)
  A wyvern skeleton (D:10)
  3 scorpions
  Dowan (D:5)
  11 killer bees
  A howler monkey (D:8)
  3 centaur zombies
  9 crimson imps
  A bullfrog zombie (D:7)
  3 hounds
  2 centaur skeletons
  2 orc priests
  2 jellies
  An orc wizard (D:4)
  Natasha (twice) (D:4)
  4 iguanas
  9 worker ants
  A hound skeleton (D:3)
  A hound zombie (D:8)
  A howler monkey zombie (D:10)
  2 worker ant zombies (D:8)
  Robin (D:2)
  11 adders
  8 gnolls
  A howler monkey skeleton (D:6)
  2 river rats (Lair:1)
  3 shadow imps
  4 white imps (D:8)
  2 worker ant simulacra (D:8)
  2 adder zombies
  A worm (D:3)
  A dart slug (D:2)
  18 orcs
  10 bats
  14 giant cockroaches
  17 goblins
  6 hobgoblins
  5 jackals
  13 kobolds
  7 quokkas
  A ball python (D:4)
  4 frilled lizards
  A quokka skeleton (D:4)
  4 rats (D:1)
  A plant (Lair:3)
335 creatures vanquished.

Vanquished Creatures (collateral kills)
  A spiny frog (Lair:2)
  A bullfrog (Lair:2)
2 creatures vanquished.

Vanquished Creatures (others)
  3 fungi
  A plant (Lair:3)
4 creatures vanquished.

Grand Total: 341 creatures vanquished

Notes
Turn   | Place    | Note
-------+----------+-------------------------------------------
     0 | D:1      | RevJD the Minotaur Berserker began the quest for the Orb.
     0 | D:1      | Reached XP level 1. HP: 19/19 MP: 0/0
   151 | D:1      | Reached XP level 2. HP: 27/27 MP: 1/1
   621 | D:2      | Reached XP level 3. HP: 33/33 MP: 2/2
   672 | D:2      | Found a blossoming altar of Fedhas.
   794 | D:2      | Reached skill level 5 in Maces & Flails
   919 | D:2      | Noticed Robin
   922 | D:2      | Reached ** piety under Trog
   936 | D:2      | Reached XP level 4. HP: 27/40 MP: 3/3
   938 | D:2      | Killed Robin
  1375 | D:2      | Found a bloodstained altar of Trog.
  1661 | D:3      | Found a burning altar of Makhleb.
  1939 | D:3      | Reached XP level 5. HP: 46/46 MP: 4/4
  2081 | D:3      | Found a deep blue altar of Sif Muna.
  2183 | D:3      | Reached *** piety under Trog
  2221 | D:3      | Found a shimmering altar of Xom.
  2527 | D:4      | Noticed Blork the orc
  2539 | D:4      | Killed Blork the orc
  2539 | D:4      | Reached XP level 6. HP: 38/52 MP: 5/5
  2718 | D:4      | Noticed Natasha
  2727 | D:4      | Killed Natasha
  2755 | D:4      | Noticed aciddrop's ghost (amateur GnWn)
  2767 | D:4      | Killed aciddrop's ghost
  3028 | D:4      | Noticed Natasha
  3033 | D:4      | Killed Natasha
  3033 | D:4      | Reached XP level 7. HP: 56/58 MP: 6/6
  3102 | D:5      | Entered Level 5 of the Dungeon
  3293 | D:5      | Found an iron altar of Okawaru.
  3332 | D:5      | Reached skill level 10 in Maces & Flails
  3536 | D:5      | Found a glowing silver altar of Zin.
  3683 | D:5      | Found a stormy altar of Qazlal.
  3723 | D:5      | Noticed Dowan
  3733 | D:5      | Killed Dowan
  3735 | D:5      | Noticed Duvessa
  3747 | D:5      | Killed Duvessa
  3747 | D:5      | Reached XP level 8. HP: 51/66 MP: 7/7
  3992 | D:5      | Reached **** piety under Trog
  4086 | D:5      | Found a radiant altar of Vehumet.
  4245 | D:6      | Found Pumeirom's Food Shoppe.
  4327 | D:6      | Found a staircase to the Ecumenical Temple.
  4352 | D:6      | Found Qutt's Assorted Antiques.
  4532 | D:6      | Found Laringo's Jewellery Emporium.
  4613 | D:6      | Found a burning altar of Makhleb.
  4626 | D:6      | Found a shadowy altar of Dithmenos.
  4758 | D:7      | Noticed a hippogriff
  4767 | D:7      | Killed a hippogriff
  4840 | D:7      | Found a hazy altar of Hepliaklqana.
  4854 | D:7      | Reached XP level 9. HP: 65/71 MP: 8/8
  5038 | D:7      | Reached skill level 1 in Shields
  5209 | D:7      | Found a white marble altar of Elyvilon.
  5598 | D:8      | Reached skill level 5 in Fighting
  5719 | D:8      | Noticed a polar bear
  5728 | D:8      | Killed a polar bear
  5894 | D:8      | Reached skill level 5 in Shields
  6006 | D:8      | Reached ***** piety under Trog
  6248 | D:8      | Reached XP level 10. HP: 88/88 MP: 9/9
  6409 | D:8      | You fall through a shaft!
  6440 | D:9      | Killed an unseen horror
  9020 | D:9      | Noticed a two-headed ogre
  9030 | D:9      | Killed a two-headed ogre
  9213 | D:9      | Noticed a two-headed ogre
  9242 | D:9      | Killed a two-headed ogre
  9242 | D:9      | Reached skill level 10 in Fighting
  9408 | D:9      | Got a steaming pewter ring
  9411 | D:9      | Identified the ring of the Rabble {+Inv +Fly rPois Int+2 Stlth-} (You found it on level 9 of the Dungeon)
  9747 | D:9      | Noticed a two-headed ogre
  9757 | D:9      | Killed a two-headed ogre
  9757 | D:9      | Reached skill level 10 in Shields
  9946 | D:9      | Reached XP level 11. HP: 85/101 MP: 8/10
 10338 | D:10     | Entered Level 10 of the Dungeon
 10556 | D:10     | Killed an unseen horror
 10705 | D:10     | Found a staircase to the Lair.
 10791 | D:10     | Noticed an orc knight
 10836 | D:10     | Killed an orc knight
 10848 | D:10     | Gained mutation: You are resistant to hostile enchantments. (MR+) [potion of mutation]
 10848 | D:10     | Gained mutation: You are dopey. (Int -2) [potion of mutation]
 10848 | D:10     | Gained mutation: You are clumsy. (Dex -2) [potion of mutation]
 10848 | D:10     | Lost mutation: You are clumsy. (Dex -2) [potion of mutation]
 11733 | Lair:1   | Entered Level 1 of the Lair of Beasts
 12102 | Lair:1   | Noticed an oklob plant
 12105 | Lair:1   | Noticed an oklob plant
 12992 | Lair:2   | Reached skill level 5 in Armour
 13692 | Lair:2   | Found a staircase to the Shoals.
 13757 | Lair:2   | Reached XP level 12. HP: 104/112 MP: 11/11
 13847 | Lair:2   | Received a gift from Trog
 13936 | Lair:2   | Reached skill level 10 in Armour
 14214 | Lair:3   | Noticed Rupert
 14232 | Lair:3   | Killed Rupert
 14275 | Lair:3   | Found a staircase to the Snake Pit.
 14592 | Lair:3   | Noticed a five-headed hydra
 14602 | Lair:3   | Killed a five-headed hydra
 16032 | Lair:4   | Noticed a catoblepas
 16032 | Lair:4   | Noticed a catoblepas
 16070 | Lair:4   | Killed a catoblepas
 16070 | Lair:4   | Reached XP level 13. HP: 75/118 MP: 7/12
 16107 | Lair:4   | HP: 1/118 [catoblepas (10)]
 16107 | Lair:4   | Slain by a manticore

Skill      XL: |  1  2  3  4  5  6  7  8  9 10 11 12 |
---------------+-------------------------------------+-----
Maces & Flails | 4 5 6 8 9 11 13 14 | 14.0
Fighting       | 7 10 12 | 12.3
Shields        | 6 10 11 | 11.6
Armour         | 8 14 | 14.7
Dodging        | |  2.3

Action                   |  1- 3 |  4- 6 |  7- 9 | 10-12 | 13-15 || total
-------------------------+-------+-------+-------+-------+-------++-------
Melee: Mace              |    61 |   135 |   314 |   580 |       ||  1090
       Headbutt          |     8 |    22 |    61 |   171 |     6 ||   268
       Morningstar       |       |       |       |   173 |    11 ||   184
       Battleaxe         |       |       |       |    22 |       ||    22
Invok: Berserk           |     1 |     1 |     5 |    10 |       ||    17
       Trog's Hand       |     1 |       |     1 |     2 |       ||     4
       Brothers in Arms  |       |       |       |     1 |       ||     1
       Burn Spellbooks   |       |       |       |     1 |       ||     1
  Use: Scroll            |       |     4 |     2 |     8 |       ||    14
       Potion            |       |       |       |     9 |       ||     9
  Eat: Chunk             |       |     8 |     6 |     5 |       ||    19
       Ration            |       |       |     3 |    11 |       ||    14
Armor: Chain mail        |    58 |    85 |   161 |   390 |    23 ||   717
       Animal skin       |     6 |       |       |       |       ||     6
Dodge: Dodged            |    39 |    70 |    89 |   140 |     5 ||   343
Block: Large shield      |       |       |    57 |   810 |    11 ||   878
       Shield            |       |       |    14 |       |       ||    14
